 Seeded DCSS version 0.28-a0-1038-g9c4cb8273d (webtiles) character file.

Game seed: 3527403583651477610 (custom seed)

0 croobank the Digger (level 1, 9/11 HPs)
             Began as an Octopode Earth Elementalist on Dec 9, 2021.
             Got out of the dungeon alive.
             The game lasted 00:00:53 (37 turns).

croobank the Digger (Octopode Earth Elementalist)     Turns: 37, Time: 00:00:54

Health: 9/11       AC:  1    Str:  7    XL:     1   Next: 10%
Magic:  3/3        EV: 13    Int: 17    God:
Gold:   0          SH:  0    Dex: 12    Spells: 3/4 levels left

rFire   . . .      SeeInvis .   (no weapon)
rCold   . . .      Faith    .   (no shield)
rNeg    . . .      Spirit   .   (helmet restricted)
rPois   .          Reflect  .   (no amulet)
rElec   .          Harm     .   (no ring)
rCorr   .          Rampage  .   (no ring)
Will    .....                   (no ring)
Stlth   +++.......              (no ring)
HPRegen 0.03/turn               (no ring)
MPRegen 0.08/turn               (no ring)
                                (no ring)
                                (no ring)

@: no status effects
A: almost no armour, amphibious, 8 rings, camouflage 1, gelatinous body 1,
(nimble swimmer 1), tentacles
a: no special abilities


You escaped.
You visited 1 branch of the dungeon, and saw 1 of its levels.

Inventory:

Missiles
 b - 30 stones
Scrolls
 a - a scroll of immolation {unknown}


   Skills:
 + Level 2.0 Dodging
 + Level 2.6 Stealth
 + Level 2.0 Spellcasting
 + Level 1.0 Transmutations
 + Level 3.0 Earth Magic


You had 3 spell levels left.
You knew the following spells:

 Your Spells              Type           Power      Damage    Failure   Level
a - Sandblast             Erth           24%        2d8       5%          1

Your spell library contained the following spells:

 Spells                   Type           Power      Damage    Failure   Level
 Passwall                 Tmut/Erth      6%         N/A       13%         2
 Stone Arrow              Conj/Erth      12%        3d7       30%         3
 Petrify                  Tmut/Erth      8%         N/A       63%         4


Dungeon Overview and Level Annotations

Branches:
Dungeon (1/15)

Altars:


Innate Abilities, Weirdness & Mutations

You cannot wear most types of armour.
You are amphibious.
You can wear up to eight rings at the same time.
Your skin changes colour to match your surroundings (Stealth+).
Your rubbery body absorbs attacks. (AC +1, EV +1)
((You are camouflaged near water. (Stealth+)))
You have tentacles for arms and can constrict up to eight enemies at once.


Message History

You add the spells Sandblast, Passwall, Stone Arrow and Petrify to your library.
Welcome, croobank the Octopode Earth Elementalist.
Game seed: 3527403583651477610 (custom seed) Press ? for a list of commands and other information.
Found a scroll labelled KAMELOYNNA.
Found a staircase leading out of the dungeon.
a - a scroll labelled KAMELOYNNA A frilled lizard comes into view.
Found a leather armour.
The frilled lizard hisses angrily.
The frilled lizard barely misses you.
You miss the frilled lizard. You grab the frilled lizard.
You constrict the frilled lizard. The frilled lizard bites you.
You completely miss the frilled lizard. Your squeeze misses the frilled lizard.
The frilled lizard is heavily wounded.
You constrict the frilled lizard, but do no damage.
The frilled lizard misses you.
You tentacle-slap the frilled lizard but do no damage.
The frilled lizard is heavily wounded.
You constrict the frilled lizard.
You kill the frilled lizard!
There is a fountain of clear blue water here.
(D) Dungeon
Where to? (? - help)
Okay, then.
There is a fountain of clear blue water here.
There is a staircase leading out of the dungeon here.
Are you sure you want to leave the Dungeon?
This will make you lose the game!
You have escaped!

##..... ...
##...##.####.## #..#
#...##...# # #.#
#.⌠.##.⌠.# .# #.### ...
... . #...# #.# #.# .#
#.⌠.###.####.####.####.
#......................
##.##..........@.......
#......................
#.⌠.###.####.####.####.
#.[.# #.# #.# .# #.###
... ... . #. #.⌠.##.⌠.#
.# #. #...##...# #


There were no monsters in sight!

Vanquished Creatures
  A frilled lizard (D:1)
1 creature vanquished.

Notes
Turn   | Place    | Note
-------+----------+-------------------------------------------
     0 | D:1      | croobank the Octopode Earth Elementalist began the quest
                  | for the Orb.
     0 | D:1      | Reached XP level 1. HP: 11/11 MP: 3/3
    37 | D:$      | Got out of the dungeon alive.

Illustrated notes

Levels and vault maps discovered:
D:1:      dpeg_arrival_chambers_temple_mockup, layout_loops_ring, serial_shops,
          shop_fountains

Action                   || total
-------------------------++-------
Melee: Unarmed           ||     3
       Constrict         ||     1
Dodge: Dodged            ||     2

Table legend: (Time is in decaauts)
 A = Elapsed time spent in this place.
 B = Non-inter-level travel time spent in this place.
 C = Inter-level travel time spent in this place.
 D = Time resting spent in this place.
 E = Time spent auto-exploring this place.
 F = Levels seen in this place.
 G = Mean time per level.
                   A        B        C        D        E       F      G
               +--------+--------+--------+--------+--------+-----+--------+
         Total |     37 |     37 |      0 |      0 |      0 |   1 |   37.0 |
       Dungeon |     37 |     37 |      0 |      0 |      0 |   1 |   37.0 |
               +--------+--------+--------+--------+--------+-----+--------+

Top non-repeatable levels by time:
     D:1: 37 daAuts
